 Dungeon Crawl Stone Soup version 0.18.1-5-g4a78601 (webtiles) character file.

5051 tyrsky the Geomancer (level 10, -2/58 HPs)
             Began as a Gargoyle Earth Elementalist on May 14, 2016.
             Slain by a yak (8 damage)
             ... on level 9 of the Dungeon.
             The game lasted 00:38:59 (9553 turns).

tyrsky the Geomancer (Gargoyle Earth Elementalist)  Turns: 9553, Time: 00:39:00

Health: -2/58      AC: 12    Str: 13    XL:     10   Next: 56%
Magic:  0/22       EV: 13    Int: 18    God:
Gold:   304        SH:  5    Dex: 10    Spells: 3 memorised, 16 levels left

rFire  . . .     SeeInvis .     r - +1 whip (freeze)
rCold  + . .     Gourm    .     a - +1 robe
rNeg   + + +     Faith    .     (no shield)
rPois  ∞         Spirit   .     w - +0 helmet
rElec  +         Dismiss  .     X - +0 cloak
rCorr  .         Reflect  +     (no gloves)
SustAt .         Harm     .     (no boots)
MR     .....     Rnd*Rage +     E - amulet "Axtafien" {Reflect rN++ SH+5}
Stlth  ++........               q - ring of positive energy
                                P - ring of protection from cold

@: not resistant to hostile enchantments, unstealthy
A: big wings, berserk 2, negative energy resistance 1, electricity resistance,
unbreathing, petrification resistance, rot immunity, AC +7
a: Fly


You were on level 9 of the Dungeon.
You were hungry.

You visited 2 branches of the dungeon, and saw 10 of its levels.
You also visited: Sewer.

You collected 404 gold pieces.
You spent 100 gold pieces at shops.

Inventory:

Hand Weapons
 r - a +1 whip of freezing (weapon)
 x - a +1 long sword of holy wrath
Missiles
 b - 207 stones (quivered)
Armour
 a - a +1 robe (worn)
 w - a +0 helmet (worn)
 B - a -2 robe
 M - a +0 shield
 X - a +0 cloak (worn)
Jewellery
 j - a +4 ring of evasion
 q - a ring of positive energy (right hand)
 E - the amulet "Axtafien" (around neck) {Reflect rN++ SH+5}
   (You bought it in a shop on level 4 of the Dungeon)

   [amulet of reflection]

   It shields you and reflects attacks.
   It greatly protects you from negative energy.
   It affects your SH (+5).
 G - an uncursed amulet of faith {unknown}
 J - an uncursed amulet of dismissal {unknown}
 P - a ring of protection from cold (left hand)
Wands
 g - a wand of flame (25/48)
 C - a wand of polymorph (12/24)
 D - a wand of teleportation (4/9)
 I - a wand of lightning (10/15)
 L - a wand of flame (34/48)
 Q - a wand of iceblast (10/15)
 S - a wand of flame (40/48)
 T - a wand of polymorph (12/24)
 V - a wand of flame (16/48)
 Y - a wand of digging (8/24)
Scrolls
 e - a scroll of blinking {unknown}
 f - 7 scrolls of remove curse
 l - 3 scrolls of teleportation
 n - a scroll of fear
 y - a scroll of amnesia
 K - a scroll of recharging
 N - 4 scrolls of identify {@*1}
 O - a scroll of random uselessness {unknown}
 W - 2 scrolls of enchant weapon {unknown}
Potions
 i - 4 potions of heal wounds
 m - 2 potions of magic {unknown}
 o - 2 potions of berserk rage
 s - 2 potions of flight {unknown}
 t - 2 potions of might
 u - 2 potions of curing
 v - 2 potions of brilliance
 z - 2 potions of resistance
 A - a potion of cancellation
 F - a potion of agility {unknown}
 R - a potion of cure mutation {unknown}
Books
 c - a book of Geomancy

   Spells                             Type                      Level
   a - Sandblast                      Earth                        1
   b - Passwall                       Transmutation/Earth          2
   c - Stone Arrow                    Conjuration/Earth            3
   d - Petrify                        Transmutation/Earth          4
   e - Lee's Rapid Deconstruction     Earth                        5
 h - a book of Unlife

   Spells                             Type                      Level
   a - Recall                         Summoning/Translocation      3
   b - Animate Dead                   Necromancy                   4
   c - Control Undead                 Necromancy                   4
   d - Cigotuvi's Embrace             Necromancy                   5
   e - Death Channel                  Necromancy                   6
   f - Simulacrum                     Ice/Necromancy               6
Comestibles
 d - 12 bread rations
 k - 16 fruits
 p - 5 meat rations


   Skills:
 + Level 4.5 Fighting
 + Level 3.5 Maces & Flails
 + Level 4.4 Armour
 + Level 3.5 Dodging
 - Level 2.1 Stealth
 * Level 8.3 Spellcasting
 + Level 6.0 Conjurations
   Level 0.7 Transmutations
 + Level 8.4 Earth Magic
 + Level 3.6 Evocations


You had 16 spell levels left.
You knew the following spells:

 Your Spells              Type           Power        Failure   Level  Hunger
a - Sandblast             Erth           #####.       1%          1    None
b - Stone Arrow           Conj/Erth      ####..       1%          3    #......
c - Lee's Rapid Deconstr  Erth           #####.....   10%         5    #####..


Dungeon Overview and Level Annotations

Branches:
Dungeon (9/15)             Temple (1/1) D:7             Orc (0/2) D:9
   Lair: D:8-11

Altars:
Cheibriados
Elyvilon
Fedhas
Gozag
Kikubaaqudgha
Makhleb
Nemelex Xobeh
Okawaru
Pakellas
Qazlal
Sif Muna
Trog
Yredelemnul
Zin
The Shining One

Shops:
D:4 *   D:8 (

Annotations:
D:5 exclusion: slave


Innate Abilities, Weirdness & Mutations

You are resistant to torment.
Your stone body is resilient (AC +7).
You are immune to poison.
You resist negative energy.
You are resistant to electric shocks.
You can survive without breathing.
You are immune to petrification.
You are immune to rotting.
Your large and strong wings let you fly indefinitely.
You often lose your temper in combat.


Message History

The yak gores you but does no damage.
Casting: Sandblast
Confirm with . or Enter, or press ? or * to list all spells.
Aiming: Sandblast
Press: ? - help, Shift-Dir - straight line, f/p - yak
Aim: a yak (lightly wounded)
The blast of sand hits the yak.
The yak is severely wounded.
The yak barely misses you.
You hit the yak but do no damage.
The yak is severely wounded.
The yak gores you!
* * * LOW HITPOINT WARNING * * *
Casting: Sandblast
Confirm with . or Enter, or press ? or * to list all spells.
You don't have enough magic to cast that spell.
You barely miss the yak.
The yak is severely wounded.
The yak gores you!
You die...

##################
..#....#.........#
..#..>.'......†..#
..#....##....##'##
..#.....#....#.........
........#....#...Y...Z.
..>.....#....#......Z##
..'.....#....###+#.YY#
..#.....#.....YY9#.....
..#######......### ..#.
...............# ..#
#'#####.......<#
......#........#
......'........#
......#........#
#######.###'####...
........#..........


You could see 2 yaks.

Vanquished Creatures
  Pikel (D:8)
  Joseph (D:9)
  A spriggan (D:7)
  6 yaks (D:9)
  Eustachio (D:6)
  Menkaure (D:7)
  A sky beast (D:5)
  3 ice beasts
  An orc warrior (D:7)
  2 wolves (D:9)
  3 slaves (D:5)
  A necrophage (D:8)
  3 ogres
  5 centaurs
  A big kobold (D:7)
  3 giant frogs
  A scorpion (D:8)
  A howler monkey (D:5)
  3 crimson imps
  A quasit (D:9)
  A centaur zombie (D:8)
  2 giant frog zombies
  2 giant frog skeletons
  5 hounds
  2 jellies (D:8)
  An orc priest (D:4)
  8 orc wizards
  4 worker ants
  A hound skeleton (D:7)
  A howler monkey zombie (D:5)
  A worker ant zombie (D:9)
  3 gnolls (D:8)
  11 adders
  3 river rats (Sewer)
  3 shadow imps
  An ooze (D:4)
  3 worms
  A dart slug (D:1)
  6 giant geckos
  31 orcs
  8 bats
  7 giant cockroaches
  3 goblins
  7 hobgoblins
  17 jackals
  13 kobolds
  2 quokkas
  5 ball pythons
  13 giant newts
  A jackal skeleton (D:6)
  A quokka skeleton (D:5)
  22 rats
229 creatures vanquished.

Vanquished Creatures (others)
  A worker ant (D:4)
  A giant gecko (D:4)
2 creatures vanquished.

Grand Total: 231 creatures vanquished

Notes
Turn   | Place    | Note
--------------------------------------------------------------
     0 | D:1      | tyrsky the Gargoyle Earth Elementalist began the quest for the Orb.
     0 | D:1      | Reached XP level 1. HP: 10/10 MP: 3/3
   169 | D:1      | Reached XP level 2. HP: 7/15 MP: 0/5
   885 | D:2      | Reached XP level 3. HP: 19/19 MP: 2/7
  1143 | D:2      | Found a glowing golden altar of the Shining One.
  1438 | D:2      | Reached XP level 4. HP: 21/24 MP: 0/8
  1522 | D:2      | HP: 1/36 [orc/flail (5)]
  1526 | D:2      | Gained mutation: You tend to lose your temper in combat. [potion of mutation]
  1526 | D:2      | Gained mutation: You often lose your temper in combat. [potion of mutation]
  1526 | D:2      | Gained mutation: Your large and strong wings let you fly indefinitely. [potion of mutation]
  1866 | D:3      | Found a glowing drain.
  1959 | Sewer    | Entered a sewer
  2050 | Sewer    | Reached skill level 5 in Earth Magic
  2050 | Sewer    | Reached XP level 5. HP: 24/28 MP: 0/10
  2090 | Sewer    | Learned a level 3 spell: Stone Arrow
  2096 | Sewer    | Learned a level 5 spell: Lee's Rapid Deconstruction
  2435 | Sewer    | Reached skill level 1 in Conjurations
  2913 | D:3      | Found an oddly glowing altar of Pakellas.
  3132 | D:3      | Found a blossoming altar of Fedhas.
  3305 | D:3      | Reached XP level 6. HP: 32/32 MP: 8/12
  3638 | D:4      | Found Carhow's Assorted Antiques.
  3651 | D:4      | Reached skill level 5 in Spellcasting
  3651 | D:4      | Reached XP level 7. HP: 36/36 MP: 0/14
  3763 | D:4      | Bought a sedimented coppery potion for 15 gold pieces
  3763 | D:4      | Bought a smoking lead amulet for 85 gold pieces
  3763 | D:4      | Identified the amulet "Axtafien" {Reflect rN++ SH+5} (You bought it in a shop on level 4 of the Dungeon)
  4417 | D:4      | Found an ancient bone altar of Kikubaaqudgha.
  4554 | D:5      | Entered Level 5 of the Dungeon
  5063 | D:5      | Reached skill level 1 in Armour
  5063 | D:5      | Reached XP level 8. HP: 35/42 MP: 0/16
  5180 | D:5      | Reached skill level 1 in Fighting
  5440 | D:5      | Reached skill level 1 in Maces & Flails
  5440 | D:5      | Reached skill level 1 in Evocations
  5484 | D:5      | Noticed Pikel
  5906 | D:5      | Found a bloodstained altar of Trog.
  5975 | D:6      | Noticed Eustachio
  6283 | D:6      | Killed Eustachio
  6450 | D:7      | Noticed Menkaure
  6452 | D:7      | Killed Menkaure
  6772 | D:7      | Reached XP level 9. HP: 48/49 MP: 14/18
  6809 | D:7      | Found a staircase to the Ecumenical Temple.
  6816 | Temple   | Entered the Ecumenical Temple
  7606 | D:7      | Reached skill level 5 in Conjurations
  7834 | D:8      | Found a glowing silver altar of Zin.
  8178 | D:8      | Found a basalt altar of Yredelemnul.
  8374 | D:8      | Found an iron altar of Okawaru.
  8493 | D:8      | Found Fuob's Antique Weapon Boutique.
  8514 | D:8      | Killed Pikel
  8514 | D:8      | Reached XP level 10. HP: 56/56 MP: 4/21
  8941 | D:9      | Noticed Joseph
  8955 | D:9      | Killed Joseph
  9457 | D:9      | Found a staircase to the Orcish Mines.
  9553 | D:9      | Slain by a yak

Skill      XL: |  1  2  3  4  5  6  7  8  9 10 |
---------------+-------------------------------+-----
Earth Magic    | 4 5 6 7 8 |  8.4
Spellcasting   | 3 4 5 6 7 8 |  8.3
Conjurations   | 1 2 3 4 5 6 |  6.0
Armour         | 1 2 3 4 |  4.4
Fighting       | 2 4 |  4.5
Maces & Flails | 2 3 |  3.5
Dodging        | 2 3 |  3.5
Evocations     | 1 3 |  3.6
Stealth        | |  2.1
Transmutations | |  0.7

Action                   |  1- 3 |  4- 6 |  7- 9 | 10-12 || total
-------------------------+-------+-------+-------+-------++-------
Melee: Unarmed           |    17 |       |       |       ||    17
       Club              |    21 |       |       |       ||    21
       Flail             |       |    33 |       |       ||    33
       Long sword        |       |    18 |    70 |     1 ||    89
       Whip              |       |       |       |    40 ||    40
 Cast: Sandblast         |    83 |   173 |   292 |    61 ||   609
       Stone Arrow       |       |     4 |    80 |    23 ||   107
       Lee's Rapid Decon |       |       |       |     4 ||     4
  Use: Potion            |       |     5 |       |       ||     5
       Scroll            |       |     5 |    13 |       ||    18
  Eat: Chunk             |     2 |    10 |    17 |     3 ||    32
       Fruit             |       |       |     1 |       ||     1
       Royal jelly       |       |       |     1 |       ||     1
       Pizza             |       |       |     1 |       ||     1
Armor: Robe              |    31 |    43 |   117 |    35 ||   226
Dodge: Dodged            |    61 |   173 |   209 |    48 ||   491
Block: Other             |       |       |    75 |    26 ||   101
       Reflection        |       |       |     8 |     3 ||    11
